| TOP OF THE 1ST |
|
Fort Wayne TinCaps batting - Pitching for Great Lakes Loons : RHP Yuichi Nozawa
|
|
Pitching: RHP Yuichi Nozawa
|
|
|
Batting: SHB Adam Martin
|
0-0: Ball 1-0: Foul Ball, location: 2F 1-1: Ball 2-1: Ball 3-1: DOUBLE (Line Drive, 7LM, EV 108.1 MPH)
|
|
Batting: RHB Rodolfo Rivera
|
0-0: Ball 1-0: Foul Ball, location: 2F 1-1: Foul Ball, location: 2F 1-2: Ball 2-2: Ground out 6-3 (Groundball, 6, EV 81.9 MPH) Adam Martin to third
|
|
Batting: LHB James Sousa
|
0-0: Foul Ball, location: 2F 0-1: Swinging Strike 0-2: Foul Ball, location: 2F 0-2: Ball 1-2: Strikes out swinging
|
|
Batting: RHB Juan Martinez
|
0-0: Foul Ball, location: 2F 0-1: Ball 1-1: Ball 2-1: Foul Ball, location: 2F 2-2: Foul Ball, location: 2F 2-2: Ball 3-2: Foul Ball, location: 2F 3-2: Foul Ball, location: 2F 3-2: Foul Ball, location: 2F 3-2: Strikes out looking
|
| Top of the 1st over - 0 runs, 1 hit, 0 errors, 1 left on base; Fort Wayne 0 - Great Lakes 0 |
| BOTTOM OF THE 1ST |
|
Great Lakes Loons batting - Pitching for Fort Wayne TinCaps : RHP Tom Ackerman
|
|
Pitching: RHP Tom Ackerman
|
|
|
Batting: RHB Ken Jenkins
|
0-0: Ball 1-0: Foul Ball, location: 2F 1-1: Ball 2-1: TRIPLE (Flyball, 78XD, EV 98.1 MPH)
|
|
Batting: RHB Alex Mejia
|
0-0: Fly out, F8 (Flyball, 89D, EV 104.4 MPH) Runner from 3rd tags up, SCORES, throw by CF
|
|
Batting: LHB Antonio Luis
|
0-0: Ball 1-0: Ball 2-0: Foul Ball, location: 2F 2-1: Swinging Strike 2-2: Strikes out swinging
|
|
Batting: LHB Jim Chalk
|
0-0: Foul Ball, location: 2F 0-1: Ball 1-1: Foul Ball, location: 2F 1-2: Ball 2-2: Ball 3-2: Foul Ball, location: 2F 3-2: Fly out, F7 (Flyball, 7D, EV 91.3 MPH)
|
| Bottom of the 1st over - 1 run, 1 hit, 0 errors, 0 left on base; Fort Wayne 0 - Great Lakes 1 |
| TOP OF THE 2ND |
|
Fort Wayne TinCaps batting - Pitching for Great Lakes Loons : RHP Yuichi Nozawa
|
|
Batting: LHB Mike Schermerhorn
|
0-0: Ball 1-0: Ball 2-0: Called Strike 2-1: Fly out, F9 (Flyball, 9LS, EV 73.1 MPH)
|
|
Batting: SHB Josh Parker
|
0-0: Ball 1-0: Called Strike 1-1: Foul Ball, location: 2F 1-2: Ball 2-2: Ball 3-2: Base on Balls
|
|
Batting: LHB Angel Mejia
|
0-0: Ball 1-0: Ball 2-0: Foul Ball, location: 2F 2-1: Foul Ball, location: 2F 2-2: Ball 3-2: Base on Balls Josh Parker to second
|
|
Batting: RHB Davey Verhoog
|
0-0: Foul Ball, location: 2F 0-1: Ball 1-1: Fielders Choice at 2nd, 6-4 (Groundball, 6, EV 83.1 MPH) Josh Parker to third
|
|
Batting: RHB Rich Justice
|
0-0: Ball 1-0: SINGLE (Line Drive, 9S, EV 93.1 MPH) Josh Parker scores Davey Verhoog to second Runner from 2nd tries for 3rd, SAFE, no throw by RF
|
|
Batting: SHB Adam Martin
|
0-0: Called Strike 0-1: Swinging Strike 0-2: Foul Ball, location: 2F 0-2: Ball 1-2: Foul Ball, location: 2F 1-2: Ball 2-2: Foul Ball, location: 2F 2-2: Fly out, F8 (Flyball, 8LD, EV 89.4 MPH)
|
| Top of the 2nd over - 1 run, 1 hit, 0 errors, 2 left on base; Fort Wayne 1 - Great Lakes 1 |
| BOTTOM OF THE 2ND |
|
Great Lakes Loons batting - Pitching for Fort Wayne TinCaps : RHP Tom Ackerman
|
|
Batting: LHB Alberto Chavez
|
0-0: Ball 1-0: Ball 2-0: Swinging Strike 2-1: Foul Ball, location: 2F 2-2: Ball 3-2: Foul Ball, location: 2F 3-2: Strikes out swinging, 2-3 out at first.
|
|
Batting: RHB Ashton Crenshaw
|
0-0: Called Strike 0-1: Ball 1-1: Ball 2-1: Ball 3-1: Called Strike 3-2: Ground out 6-3 (Groundball, 6, EV 101.3 MPH)
|
|
Batting: RHB Phil Knox
|
0-0: Ball 1-0: Ground out U3 (Groundball, 3L, EV 106.9 MPH)
|
| Bottom of the 2nd over - 0 runs, 0 hits, 0 errors, 0 left on base; Fort Wayne 1 - Great Lakes 1 |
| TOP OF THE 3RD |
|
Fort Wayne TinCaps batting - Pitching for Great Lakes Loons : RHP Yuichi Nozawa
|
|
Batting: RHB Rodolfo Rivera
|
0-0: SINGLE (Groundball, 3D, EV 101.3 MPH)
|
|
Batting: LHB James Sousa
|
0-0: Ball 1-0: Ball 2-0: SINGLE (Groundball, 56D, EV 109.4 MPH) Rodolfo Rivera to second
|
|
Batting: RHB Juan Martinez
|
0-0: Fly out, F3 (Popup, 3SF, EV 81.3 MPH)
|
|
Batting: LHB Mike Schermerhorn
|
0-0: Ball 1-0: Called Strike 1-1: Ball 2-1: Ball 3-1: Swinging Strike 3-2: Base on Balls Rodolfo Rivera to third James Sousa to second
|
|
Pitching: RHP Angel Rivas
|
|
|
Batting: SHB Josh Parker
|
0-0: Ball 1-0: Called Strike 1-1: Ball 2-1: Ball 3-1: Swinging Strike 3-2: Foul Ball, location: 2F 3-2: Base on Balls Rodolfo Rivera scores James Sousa to third Mike Schermerhorn to second
|
|
Batting: LHB Angel Mejia
|
0-0: Ball 1-0: Ball Wild Pitch! James Sousa scores Mike Schermerhorn to third Josh Parker to second 2-0: Foul Ball, location: 2F 2-1: Called Strike 2-2: Ball 3-2: Foul Ball, location: 2F 3-2: Base on Balls
|
|
Batting: RHB Davey Verhoog
|
0-0: Ball 1-0: Called Strike 1-1: Ball 2-1: Ball 3-1: Foul Ball, location: 2F 3-2: Foul Ball, location: 2F 3-2: Strikes out swinging
|
|
Batting: RHB Rich Justice
|
0-0: Ball 1-0: Ball 2-0: Ball 3-0: Called Strike 3-1: Called Strike 3-2: Ground out 1-3 (Groundball, P, EV 66.3 MPH)
|
| Top of the 3rd over - 2 runs, 2 hits, 0 errors, 3 left on base; Fort Wayne 3 - Great Lakes 1 |
| BOTTOM OF THE 3RD |
|
Great Lakes Loons batting - Pitching for Fort Wayne TinCaps : RHP Tom Ackerman
|
|
Batting: RHB Josh Kimbrell
|
0-0: Ball 1-0: Ball 2-0: Ground out 6-3 (Groundball, 6, EV 100.0 MPH)
|
|
Batting: RHB Santos Guadalupe
|
0-0: Foul Ball, location: 2F 0-1: Swinging Strike 0-2: Ball 1-2: Ball 2-2: SINGLE (Groundball, 6D, EV 96.9 MPH)
|
|
Batting: RHB Ken Jenkins
|
0-0: Ball 1-0: Called Strike 1-1: Grounds into double play, 4-6-3 (Groundball, 34, EV 86.3 MPH)
|
| Bottom of the 3rd over - 0 runs, 1 hit, 0 errors, 0 left on base; Fort Wayne 3 - Great Lakes 1 |
| TOP OF THE 4TH |
|
Fort Wayne TinCaps batting - Pitching for Great Lakes Loons : RHP Angel Rivas
|
|
Batting: SHB Adam Martin
|
0-0: Swinging Strike 0-1: SINGLE (Line Drive, 4M, EV 107.5 MPH)
|
|
Batting: RHB Rodolfo Rivera
|
0-0: Ball 1-0: Ball 2-0: Ball 3-0: Called Strike 3-1: Base on Balls Adam Martin to second
|
|
Pitching: RHP Servaas Morrow
|
|
|
Batting: LHB James Sousa
|
0-0: Called Strike 0-1: Ball 1-1: Ball 2-1: Ball 3-1: Foul Ball, location: 2F 3-2: Base on Balls Adam Martin to third Rodolfo Rivera to second
|
|
Batting: RHB Juan Martinez
|
0-0: Grounds into fielders choice 6-2 (Groundball, 6, EV 80.0 MPH) Rodolfo Rivera to third James Sousa to second
|
|
Batting: LHB Mike Schermerhorn
|
0-0: Ball 1-0: Foul Ball, location: 2F 1-1: Foul Ball, location: 2F 1-2: Strikes out swinging
|
|
Batting: SHB Josh Parker
|
0-0: Ball 1-0: Ball 2-0: Ball 3-0: Base on Balls Rodolfo Rivera scores James Sousa to third Juan Martinez to second
|
|
Batting: LHB Angel Mejia
|
0-0: Foul Ball, location: 2F 0-1: Foul Ball, location: 2F 0-2: Ball 1-2: DOUBLE (Groundball, 3L, EV 106.3 MPH) James Sousa scores Juan Martinez scores Josh Parker to third
|
|
Pitching: RHP Mark McDonald
|
|
|
Batting: RHB Davey Verhoog
|
0-0: Ball 1-0: Swinging Strike 1-1: Ball 2-1: Foul Ball, location: 2F 2-2: Foul Ball, location: 2F 2-2: Foul Ball, location: 2F 2-2: Foul Ball, location: 2F 2-2: Ball 3-2: Base on Balls
|
|
Batting: RHB Rich Justice
|
0-0: Ball 1-0: Ball 2-0: Ball 3-0: Called Strike 3-1: Fly out, F3 (Popup, 3, EV 76.9 MPH)
|
| Top of the 4th over - 3 runs, 2 hits, 0 errors, 3 left on base; Fort Wayne 6 - Great Lakes 1 |
| BOTTOM OF THE 4TH |
|
Great Lakes Loons batting - Pitching for Fort Wayne TinCaps : RHP Tom Ackerman
|
|
Batting: RHB Alex Mejia
|
0-0: SINGLE (Groundball, 25, EV 72.5 MPH) (infield hit)
|
|
Batting: LHB Antonio Luis
|
0-0: Ball 1-0: Ball 2-0: Foul Ball, location: 2F 2-1: Swinging Strike 2-2: Foul Ball, location: 2F 2-2: Foul Ball, location: 2F 2-2: Strikes out swinging
|
|
Batting: LHB Jim Chalk
|
0-0: Ball Alex Mejia is caught stealing 2nd base 2-6 1-0: Called Strike 1-1: Called Strike 1-2: Ball 2-2: Fly out, F7 (Flyball, 7, EV 93.1 MPH)
|
| Bottom of the 4th over - 0 runs, 1 hit, 0 errors, 0 left on base; Fort Wayne 6 - Great Lakes 1 |
| TOP OF THE 5TH |
|
Fort Wayne TinCaps batting - Pitching for Great Lakes Loons : RHP Mark McDonald
|
|
Batting: SHB Adam Martin
|
0-0: Ball 1-0: Ball 2-0: Foul Ball, location: 2F 2-1: Foul Ball, location: 2F 2-2: Ball 3-2: Base on Balls
|
|
Pitching: RHP Adonis Loyd
|
|
|
Batting: RHB Rodolfo Rivera
|
0-0: Ball Adam Martin steals 2nd base (no throw) 1-0: SINGLE (Line Drive, 78M, EV 109.4 MPH) Adam Martin to third Throwing error, E7 Adam Martin scores Rodolfo Rivera to second
|
|
Batting: LHB James Sousa
|
0-0: Ball 1-0: Fly out, F8 (Flyball, 8LXD, EV 86.3 MPH) Runner from 2nd tags up, SAFE at 3rd, no throw by CF
|
|
Batting: RHB Juan Martinez
|
0-0: Called Strike 0-1: Foul Ball, location: 2F 0-2: Ball 1-2: Strikes out looking
|
|
Batting: LHB Mike Schermerhorn
|
0-0: Ball 1-0: Foul Ball, location: 2F 1-1: Called Strike 1-2: Foul Ball, location: 2F 1-2: Strikes out swinging
|
| Top of the 5th over - 1 run, 1 hit, 1 error, 1 left on base; Fort Wayne 7 - Great Lakes 1 |
| BOTTOM OF THE 5TH |
|
Great Lakes Loons batting - Pitching for Fort Wayne TinCaps : RHP Tom Ackerman
|
|
Batting: LHB Alberto Chavez
|
0-0: Ball 1-0: Called Strike 1-1: Ball 2-1: Called Strike 2-2: Ball 3-2: Foul Ball, location: 2F 3-2: Base on Balls
|
|
Batting: RHB Ashton Crenshaw
|
0-0: Called Strike 0-1: Ball 1-1: Swinging Strike 1-2: Foul Ball, location: 2F 1-2: Foul Ball, location: 2F 1-2: SINGLE (Groundball, 4MD, EV 93.8 MPH) Alberto Chavez to second
|
|
Batting: RHB Phil Knox
|
0-0: Ball 1-0: SINGLE (Groundball, 56D, EV 103.8 MPH) (infield hit) Alberto Chavez to third Ashton Crenshaw to second
|
|
Batting: RHB Josh Kimbrell
|
0-0: Called Strike 0-1: Grounds into double play, 6-4-3 (Groundball, 6S, EV 78.1 MPH) Alberto Chavez scores Ashton Crenshaw to third
|
|
Batting: RHB Santos Guadalupe
|
0-0: Foul Ball, location: 2F 0-1: Ball 1-1: Swinging Strike 1-2: Ball 2-2: Strikes out looking
|
| Bottom of the 5th over - 1 run, 2 hits, 0 errors, 1 left on base; Fort Wayne 7 - Great Lakes 2 |
| TOP OF THE 6TH |
|
Fort Wayne TinCaps batting - Pitching for Great Lakes Loons : RHP Adonis Loyd
|
|
Batting: SHB Josh Parker
|
0-0: Ball 1-0: Ball 2-0: Foul Ball, location: 2F 2-1: SINGLE (Flyball, 56D, EV 98.8 MPH) - OUT at second base trying to stretch hit.
|
|
Batting: LHB Angel Mejia
|
0-0: SOLO HOME RUN (Flyball, 9D, EV 96.9 MPH), Distance : 378 ft
|
|
Pitching: LHP Bill Esten
|
|
|
Batting: RHB Davey Verhoog
|
0-0: Foul Ball, location: 2F 0-1: Called Strike 0-2: Ball 1-2: Strikes out swinging
|
|
Batting: RHB Rich Justice
|
0-0: Ball 1-0: Ball 2-0: Called Strike 2-1: Ball 3-1: Called Strike 3-2: Strikes out swinging
|
| Top of the 6th over - 1 run, 2 hits, 0 errors, 0 left on base; Fort Wayne 8 - Great Lakes 2 |
| BOTTOM OF THE 6TH |
|
Great Lakes Loons batting - Pitching for Fort Wayne TinCaps : RHP Tom Ackerman
|
|
Pitching: RHP Marcus Hill
|
|
|
Batting: RHB Ken Jenkins
|
0-0: Called Strike 0-1: Ball 1-1: Ball 2-1: Foul Ball, location: 2F 2-2: Ball 3-2: Ground out 6-3 (Groundball, 6, EV 80.0 MPH)
|
|
Batting: RHB Alex Mejia
|
0-0: Ball 1-0: Fly out, F8 (Flyball, 89D, EV 103.8 MPH)
|
|
Batting: LHB Antonio Luis
|
0-0: Ground out 5-3 (Groundball, 5, EV 94.4 MPH)
|
| Bottom of the 6th over - 0 runs, 0 hits, 0 errors, 0 left on base; Fort Wayne 8 - Great Lakes 2 |
| TOP OF THE 7TH |
|
Fort Wayne TinCaps batting - Pitching for Great Lakes Loons : LHP Bill Esten
|
|
Batting: SHB Adam Martin
|
0-0: Ball 1-0: Called Strike 1-1: Ball 2-1: Swinging Strike 2-2: Ball 3-2: Base on Balls
|
|
Batting: RHB Rodolfo Rivera
|
0-0: Called Strike Adam Martin steals 2nd base 0-1: Ball 1-1: Foul Ball, location: 2F 1-2: Foul Ball, location: 2F 1-2: Ball 2-2: Ground out 6-3 (Groundball, 6, EV 87.5 MPH) Adam Martin to third
|
|
Pitching: RHP Santiago Montero
|
|
|
Batting: LHB James Sousa
|
0-0: Ground out 4-3 (Groundball, 4, EV 85.0 MPH) Adam Martin scores
|
|
Pinch Hitting: RHB Nelson Trujillo
|
0-0: Ground out 4-3 (Groundball, 4, EV 86.9 MPH)
|
| Top of the 7th over - 1 run, 0 hits, 0 errors, 0 left on base; Fort Wayne 9 - Great Lakes 2 |
| BOTTOM OF THE 7TH |
|
Great Lakes Loons batting - Pitching for Fort Wayne TinCaps : RHP Marcus Hill
|
|
Now in CF: Nelson Trujillo
|
|
|
Batting: LHB Jim Chalk
|
0-0: Called Strike 0-1: Foul Ball, location: 2F 0-2: Ball 1-2: Foul Ball, location: 2F 1-2: Ball 2-2: Foul Ball, location: 2F 2-2: Foul Ball, location: 2F 2-2: Foul Ball, location: 2F 2-2: Strikes out swinging
|
|
Batting: LHB Alberto Chavez
|
0-0: Foul Ball, location: 2F 0-1: Ball 1-1: Ball 2-1: Ball 3-1: Base on Balls
|
|
Batting: RHB Ashton Crenshaw
|
0-0: SINGLE (Groundball, 6D, EV 105.6 MPH) Alberto Chavez to second
|
|
Batting: RHB Phil Knox
|
0-0: Called Strike 0-1: Ball Wild Pitch! Alberto Chavez to third Ashton Crenshaw to second 1-1: Ball 2-1: Ball 3-1: Swinging Strike 3-2: Base on Balls
|
|
Batting: RHB Josh Kimbrell
|
0-0: Ball 1-0: Foul Ball, location: 2F 1-1: Fly out, F9 (Flyball, 89S, EV 77.5 MPH)
|
|
Batting: RHB Santos Guadalupe
|
0-0: Called Strike 0-1: Swinging Strike 0-2: Ball 1-2: Ball 2-2: Foul Ball, location: 2F 2-2: SINGLE (Line Drive, 7LS, EV 103.1 MPH) Alberto Chavez scores Ashton Crenshaw to third Phil Knox to second Runner from 3rd tries for Home, SAFE, throw by LF to home
|
|
Batting: RHB Ken Jenkins
|
0-0: Fielders Choice at 2nd, 5-4 (Groundball, 56, EV 106.3 MPH)
|
| Bottom of the 7th over - 2 runs, 2 hits, 0 errors, 2 left on base; Fort Wayne 9 - Great Lakes 4 |
| TOP OF THE 8TH |
|
Fort Wayne TinCaps batting - Pitching for Great Lakes Loons : RHP Santiago Montero
|
|
Batting: LHB Mike Schermerhorn
|
0-0: Ball 1-0: Ball 2-0: SINGLE (Groundball, 34D, EV 106.3 MPH)
|
|
Batting: SHB Josh Parker
|
0-0: Called Strike 0-1: Ball 1-1: SINGLE (Groundball, 6MD, EV 100.0 MPH) Mike Schermerhorn to second
|
|
Batting: LHB Angel Mejia
|
0-0: Bunted foul 0-1: Bunted foul 0-2: Ball 1-2: Hit by Pitch Mike Schermerhorn to third Josh Parker to second
|
|
Batting: RHB Davey Verhoog
|
0-0: Ball 1-0: Ball 2-0: Foul Ball, location: 2F 2-1: Foul Ball, location: 2F 2-2: Strikes out looking
|
|
Batting: RHB Rich Justice
|
0-0: Ball 1-0: SINGLE (Line Drive, 6MD, EV 99.4 MPH) Mike Schermerhorn scores Josh Parker to third Angel Mejia to second
|
|
Pitching: RHP Jeremy Stock
|
|
|
Batting: SHB Adam Martin
|
0-0: Ball 1-0: Ball 2-0: Called Strike 2-1: Foul Ball, location: 2F 2-2: Ball 3-2: Foul Ball, location: 2F 3-2: Base on Balls Josh Parker scores Angel Mejia to third Rich Justice to second
|
|
Batting: RHB Rodolfo Rivera
|
0-0: Ball 1-0: Foul Ball, location: 2F 1-1: Ball 2-1: SINGLE (Groundball, 6S, EV 72.5 MPH) (infield hit) Angel Mejia scores Rich Justice to third Adam Martin to second
|
|
Batting: LHB James Sousa
|
0-0: Ball 1-0: Ball 2-0: Ball 3-0: Called Strike 3-1: Base on Balls Rich Justice scores Adam Martin to third Rodolfo Rivera to second
|
|
Batting: RHB Nelson Trujillo
|
0-0: Foul Ball, location: 2F 0-1: Ball 1-1: Ball 2-1: Ball 3-1: Base on Balls Adam Martin scores Rodolfo Rivera to third James Sousa to second
|
|
Pitching: RHP Bobby Primaticcio
|
|
|
Batting: LHB Mike Schermerhorn
|
0-0: Called Strike 0-1: Swinging Strike 0-2: Grounds into double play, 4-6-3 (Groundball, 4, EV 100.0 MPH)
|
| Top of the 8th over - 5 runs, 4 hits, 0 errors, 2 left on base; Fort Wayne 14 - Great Lakes 4 |
| BOTTOM OF THE 8TH |
|
Great Lakes Loons batting - Pitching for Fort Wayne TinCaps : RHP Marcus Hill
|
|
Batting: RHB Alex Mejia
|
0-0: Foul Ball, location: 2F 0-1: Called Strike 0-2: Ball 1-2: Ball 2-2: Fly out, F7 (Flyball, 7S, EV 81.9 MPH)
|
|
Batting: LHB Antonio Luis
|
0-0: SOLO HOME RUN (Flyball, 9LD, EV 91.9 MPH), Distance : 338 ft
|
|
Batting: LHB Jim Chalk
|
0-0: Called Strike 0-1: Ball 1-1: Swinging Strike 1-2: Foul Ball, location: 2F 1-2: Foul Ball, location: 2F 1-2: Strikes out looking
|
|
Pitching: RHP Zach Monlux
|
|
|
Batting: LHB Alberto Chavez
|
0-0: Called Strike 0-1: Ball 1-1: Swinging Strike 1-2: Strikes out swinging
|
| Bottom of the 8th over - 1 run, 1 hit, 0 errors, 0 left on base; Fort Wayne 14 - Great Lakes 5 |
| TOP OF THE 9TH |
|
Fort Wayne TinCaps batting - Pitching for Great Lakes Loons : RHP Bobby Primaticcio
|
|
Batting: SHB Josh Parker
|
0-0: Called Strike 0-1: Swinging Strike 0-2: Ball 1-2: Strikes out looking
|
|
Batting: LHB Angel Mejia
|
0-0: SOLO HOME RUN (Flyball, 9D, EV 94.4 MPH), Distance : 359 ft
|
|
Batting: RHB Davey Verhoog
|
0-0: Ball 1-0: Ball 2-0: Foul Ball, location: 2F 2-1: SINGLE (Groundball, 6MS, EV 68.8 MPH) (infield hit)
|
|
Batting: RHB Rich Justice
|
0-0: Called Strike 0-1: Ball 1-1: Foul Ball, location: 2F 1-2: Ball 2-2: Ball 3-2: Base on Balls Davey Verhoog to second
|
|
Pitching: RHP Matt Fields
|
|
|
Pinch Hitting: RHB Melvin Villagomez
|
0-0: Called Strike 0-1: Ball 1-1: Ball 2-1: Foul Ball, location: 2F 2-2: Fly out, F9 (Flyball, 89S, EV 80.6 MPH)
|
|
Pinch Hitting: RHB Mike Maserang
|
0-0: Ball 1-0: Ball 2-0: Ball 3-0: Base on Balls Davey Verhoog to third Rich Justice to second
|
|
Batting: LHB James Sousa
|
0-0: Foul Ball, location: 2F 0-1: Swinging Strike 0-2: Ball 1-2: Ball 2-2: Foul Ball, location: 2F 2-2: Fly out, F4 (Popup, 3DF, EV 63.8 MPH)
|
| Top of the 9th over - 1 run, 2 hits, 0 errors, 3 left on base; Fort Wayne 15 - Great Lakes 5 |
| BOTTOM OF THE 9TH |
|
Great Lakes Loons batting - Pitching for Fort Wayne TinCaps : RHP Zach Monlux
|
|
Now at C: Mike Maserang
|
|
|
Now at 2B: Melvin Villagomez
|
|
|
Batting: RHB Ashton Crenshaw
|
0-0: DOUBLE (Line Drive, 9LM, EV 114.4 MPH)
|
|
Batting: RHB Phil Knox
|
0-0: Ball 1-0: Ball 2-0: Foul Ball, location: 2F 2-1: Foul Ball, location: 2F 2-2: Strikes out swinging
|
|
Pinch Hitting: LHB Chris Barrera
|
0-0: Ground out U3 (Groundball, 34, EV 85.6 MPH) Ashton Crenshaw to third
|
|
Batting: RHB Santos Guadalupe
|
0-0: Called Strike 0-1: Swinging Strike 0-2: Ground out 1-3 (Groundball, 13, EV 75.0 MPH)
|
| Bottom of the 9th over - 0 runs, 1 hit, 0 errors, 1 left on base; Fort Wayne 15 - Great Lakes 5 |
|